 Dungeon Crawl Stone Soup version 0.29.1-15-g9cfb28693d (webtiles) character file.

Game seed: 14130395038641245201

4 FaviusArthum the Trooper (level 1, 0/13 HPs)
             Began as a Deep Elf Abyssal Knight on Sept 19, 2023.
             Was a Believer of Lugonu.
             Slain by a rat (2 damage)
             ... on level 1 of the Dungeon.
             The game lasted 00:01:39 (427 turns).

FaviusArthum the Trooper (Deep Elf Abyssal Knight)   Turns: 427, Time: 00:01:40

Health: 0/13       AC:  3    Str: 10    XL:     1   Next: 58%
Magic:  4/4        EV: 12    Int: 14    God:    Lugonu [**....]
Gold:   0          SH:  0    Dex: 15    Spells: 0/0 levels left

rFire   . . .      SeeInvis .   a - +1 falchion
rCold   . . .      Faith    .   (no shield)
rNeg    . . .      Spirit   .   b - +0 leather armour
rPois   .          Reflect  .   (no helmet)
rElec   .          Harm     .   (no cloak)
rCorr   .          Rampage  .   (no gloves)
Will    .....                   (no boots)
Stlth   +.........              (no amulet)
HPRegen 0.04/turn               (no ring)
MPRegen 0.09/turn               (no ring)

@: no status effects
A: no striking features
a: Renounce Religion, Depart the Abyss, Bend Space


You were on level 1 of the Dungeon.
You worshipped Lugonu.
Lugonu was pleased with you.
You visited 1 branch of the dungeon, and saw 1 of its levels.
You visited the Abyss 1 time.

Inventory:

Hand Weapons
 a - a +1 falchion (weapon)
Armour
 b - a +0 leather armour (worn)


   Skills:
 + Level 2.5 Fighting
 + Level 1.8 Long Blades
 * Level 1.0 Armour
 + Level 2.4 Dodging
 * Level 0.2 Spellcasting
 * Level 2.0 Invocations


You couldn't memorise any spells.
You didn't know any spells.
Your spell library was empty.

Dungeon Overview and Level Annotations

Branches:
Dungeon (1/15)

Altars:


Message History

The frilled lizard hisses angrily.
The kobold shouts!
You see here 12 gold pieces.
You see here a ball python corpse.
Found a book of Displacement.
You closely miss the frilled lizard. The frilled lizard misses you.
You closely miss the frilled lizard.
The frilled lizard completely misses you.
You closely miss the frilled lizard. The frilled lizard barely misses you.
You miss the frilled lizard. The frilled lizard bites you.
You closely miss the frilled lizard. The frilled lizard bites you.
The frilled lizard closely misses you.
You barely miss the frilled lizard. The frilled lizard misses you.
You barely miss the frilled lizard. The frilled lizard barely misses you.
You miss the frilled lizard. The frilled lizard barely misses you.
The frilled lizard attacks as you move away!
The frilled lizard bites you but does no damage.
The frilled lizard attacks as you move away!
The frilled lizard barely misses you.
You hit the frilled lizard.
You kill the frilled lizard!
Lugonu accepts your kill. The kobold hits you with a +0 dagger.
You closely miss the kobold. The kobold hits you with a +0 dagger.
The rat barely misses you.
You hit the kobold.
You kill the kobold!
Lugonu accepts your kill. The rat barely misses you.
Your Armour skill increases to level 1!
You hit the endoplasm.
The endoplasm is lightly wounded.
The endoplasm freezes you.
You are frozen.
* * * LOW HITPOINT WARNING * * *
The rat completely misses you.
You slash the endoplasm!
You kill the endoplasm!
Lugonu accepts your kill. The rat bites you.
You die...

.#. # ... .#### #.#
#. ..# ###.###. #.#
.......####.#
#.....##..#########
#..r..##...........
#.@)...........####
#:....##..####.#
#.....##.÷# #.#
###.####K.# #.#
...# #†.# #.#
..#.####J.####.#
.........$.......
.##.....##.##....
##J#.# .#.# ..#


You could see a rat.

Vanquished Creatures
  2 endoplasms (D:1)
  A kobold (D:1)
  A ball python (D:1)
  A frilled lizard (D:1)
  A rat (D:1)
6 creatures vanquished.

Notes
Turn   | Place    | Note
-------+----------+-------------------------------------------
     0 | Abyss:1  | FaviusArthum the Deep Elf Abyssal Knight began the quest
                  | for the Orb.
     0 | Abyss:1  | Reached XP level 1. HP: 13/13 MP: 4/4
     4 | D:1      | Escaped the Abyss
   426 | D:1      | Reached skill level 1 in Armour
   427 | D:1      | Slain by a rat

Illustrated notes

Levels and vault maps discovered:
D:1:      dpeg_arrival_renting, layout_loops_ring, minmay_ruptured

Skill      XL: |  1 |
---------------+----+-----
Armour         | 1 |  1.0
Fighting       | |  2.5
Long Blades    | |  1.8
Dodging        | |  2.4
Spellcasting   | |  0.2
Invocations    | |  2.0

Action                   || total
-------------------------++-------
Melee: Falchion          ||    18
Armor: Leather armour    ||     1
Dodge: Dodged            ||    13
